AoeStats
← Der Sprudel

Arabian Desert

510149421Analyzed
1v1 RM · 2d ago on Sep 29, 2026· 22m 57s· 2 players
Game mode
Random Map
Map size
Tiny (2 player)
Population
200
Speed
Normal
Resources
Standard
Victory
Conquest
Starting age
Dark Age
Ending age
Imperial Age
RankedLock teamsTeams togetherTeam positionsShared explorationLock speedFull tech treeHidden civsTurbo modeCheats
Victory
Defeat
🇩🇪 Dravidians · Germany
1299
+15
🇩🇪 Burgundians · Germany
1284
-15
KingQP
4:05 Loom
11:01 Feudal Age
10:29 Loom
16:11 Fletching
19:08 Double-Bit Axe
20:53 Padded Archer Armor
21:04 Horse Collar
Der Sprudel
6:27 Loom
6:42 Loom
7:16 Loom
9:38 Feudal Age
10:21 Man-at-Arms
11:17 Double-Bit Axe
14:06 Horse Collar
15:30 Fletching
19:07 Wheelbarrow
22:34 Castle Age
23:11 Bodkin Arrow
Connection lost

Rejoining the realm…

Still unreachable

The connection could not be restored.

Session expired

The server has moved on; the page needs a fresh start.